[Event "Kragero Resort ELO 2024"]
[Site "Kragero"]
[Date "2024.02.22"]
[Round "4.7"]
[White "Alvanjyan, Aida"]
[Black "Rynning, Rune Kleiven"]
[Result "0-1"]
[ECO "B52"]
[WhiteElo "1508"]
[BlackElo "1713"]
[Annotator "NA RC"]
[PlyCount "84"]
[EventDate "2024.02.21"]
[EventType "swiss"]
[EventCountry "NOR"]
[SourceTitle "playchess.com"]
[Source "ChessBase"]
[SourceQuality "1"]
[TimeControl "5400+30"]

1. e4 c5 2. Nf3 d6 3. Bb5+ Bd7 4. Bxd7+ Qxd7 5. c4 Nc6 6. Nc3 g6 7. d3 Bg7 8. O-O e6 9. Be3 Nd4 10. Bxd4 cxd4 11. Nb5 e5 12. Qa4 Ke7 13. Rac1 a6 14. b3 Nf6 15. Na3 Qxa4 16. bxa4 Nd7 17. Rb1 Rab8 18. a5 Nc5 19. Ne1 Bh6 20. Nac2 Bd2 21. Nb4 Bxb4 22. Rxb4 b6 23. axb6 Rb7 24. a4 a5 25. Rb5 Ra8 26. f4 f6 27. fxe5 fxe5 28. Nf3 Ra6 29. Nxe5 Rbxb6 30. Rfb1 Rxb5 31. axb5 Ra8 32. Nc6+ Kd7 33. Nxd4 Nxd3 34. Kf1 Nc5 35. Re1 a4 36. Nc2 a3 37. Na1 a2 38. e5 Ra4 39. exd6 Rb4 40. Rd1 Rb2 41. Re1 Nb3 42. c5 Nxc5 0-1

[Event "Kragero Resort ELO 2024"]
[Site "Kragero"]
[Date "2024.02.22"]
[Round "4.8"]
[White "Digernes, Mikael"]
[Black "Mortensen, Michael"]
[Result "1-0"]
[ECO "C11"]
[WhiteElo "1593"]
[BlackElo "1330"]
[Annotator "NA RC"]
[PlyCount "83"]
[EventDate "2024.02.21"]
[EventType "swiss"]
[EventCountry "NOR"]
[SourceTitle "playchess.com"]
[Source "ChessBase"]
[SourceQuality "1"]
[TimeControl "5400+30"]

1. e4 c5 2. Nc3 e6 3. f4 d5 4. Nf3 Nf6 5. Bb5+ Nc6 6. e5 Nd7 7. d4 cxd4 8. Nxd4 Nxd4 9. Qxd4 a6 10. Bxd7+ Bxd7 11. Be3 Rc8 12. Qd2 Bb4 13. Bd4 Qc7 14. O-O Bc5 15. f5 Qxe5 16. Bxc5 Rxc5 17. Rae1 Qd6 18. Ne4 Qb6 19. Nxc5 Qxc5+ 20. Kh1 Qe7 21. Qd4 Qg5 22. fxe6 Bxe6 23. Re5 Qd8 24. Rxe6+ Kf8 25. Qc5+ Kg8 26. Rd6 Qe8 27. Qxd5 h6 28. Rd8 Qxd8 29. Qxd8+ Kh7 30. Qd3+ Kg8 31. Qd5 Kh7 32. Rxf7 Re8 33. Qf5+ Kg8 34. Qf2 b5 35. h3 Re6 36. Rf8+ Kh7 37. Qf5+ Rg6 38. h4 h5 39. Qxh5+ Rh6 40. Qf5+ Rg6 41. h5 Kh6 42. Qxg6# 1-0

[Event "Kragero Resort ELO 2024"]
[Site "Kragero"]
[Date "2024.02.22"]
[Round "4.9"]
[White "Smedsrud, Petter"]
[Black "Gevorgyan, Nrane"]
[Result "0-1"]
[ECO "C05"]
[WhiteElo "1580"]
[BlackElo "1268"]
[Annotator "NA"]
[PlyCount "114"]
[EventDate "2024.02.21"]
[EventType "swiss"]
[EventCountry "NOR"]
[SourceTitle "playchess.com"]
[Source "ChessBase"]
[SourceQuality "1"]
[TimeControl "5400+30"]

1. e4 e6 2. d4 d5 3. Nd2 Nf6 4. e5 Nfd7 5. f4 c5 6. c3 Nc6 7. Ndf3 cxd4 8. cxd4 Qb6 9. g3 Bb4+ 10. Kf2 f6 11. Kg2 O-O 12. Bd3 Kh8 13. Bb1 Qc7 14. h4 Nb6 15. Qd3 f5 16. g4 Ne7 17. a3 Qxc1 18. Ne2 Qc4 19. axb4 Qxb4 20. g5 Bd7 21. Bc2 Bb5 22. Qd1 Nc4 23. Qd3 Nxb2 24. Qc3 Qxc3 25. Nxc3 Ba6 26. Rhb1 Nc4 27. Kf2 Rfc8 28. Bd3 Ng6 29. Ne2 Rc6 30. h5 Ne7 31. Ke1 b5 32. Nd2 Rb6 33. Nb3 Nc6 34. Nc5 Bc8 35. Bxc4 dxc4 36. Kd2 b4 37. g6 h6 38. Ke3 a5 39. Nc3 Rab8 40. N5a4 Ra6 41. Nc5 Ra7 42. N3a4 b3 43. Rb2 Nb4 44. Rc1 Nd5+ 45. Kf3 Rb4 46. Nc3 Nxc3 47. Rxc3 a4 48. Rb1 a3 49. Nxb3 Bb7+ 50. Ke3 Rxb3 51. Rbxb3 cxb3 52. d5 a2 53. d6 a1=Q 54. Rc7 Qe1+ 55. Kd3 Be4+ 56. Kd4 Ra4+ 57. Kc5 Qa5# 0-1

[Event "Kragero Resort ELO 2024"]
[Site "Kragero"]
[Date "2024.02.22"]
[Round "4.11"]
[White "Gjersvik, Aksel Elias"]
[Black "Lorentzen, Jan Ove"]
[Result "1-0"]
[ECO "C42"]
[WhiteElo "1451"]
[BlackElo "1479"]
[Annotator "NA RC"]
[PlyCount "133"]
[EventDate "2024.02.21"]
[EventType "swiss"]
[EventCountry "NOR"]
[SourceTitle "playchess.com"]
[Source "ChessBase"]
[SourceQuality "1"]
[TimeControl "5400+30"]

1. e4 e5 2. Nf3 Nf6 3. Nc3 Bc5 4. Nxe5 Nc6 5. Nf3 Nd4 6. Bc4 d6 7. Nxd4 Bxd4 8. f3 Nh5 9. Ne2 Bb6 10. d4 Qh4+ 11. g3 Qf6 12. Qd3 Bh3 13. Rg1 O-O-O 14. c3 h6 15. Bd2 g5 16. O-O-O Ng7 17. f4 Be6 18. Rdf1 Bxc4 19. Qxc4 Qe7 20. Qd3 f6 21. c4 Rde8 22. Nc3 Ba5 23. Re1 Qd8 24. Nd5 Bxd2+ 25. Qxd2 c6 26. Nc3 Qa5 27. d5 Qc5 28. Qd3 Rhf8 29. Rg2 Re7 30. Rd2 Rd8 31. Qd4 Qxd4 32. Rxd4 c5 33. Rd2 a6 34. Rde2 Rde8 35. Kd2 Kd7 36. Ke3 Nf5+ 37. Kf2 Nd4 38. Rd2 g4 39. Rdd1 h5 40. h4 f5 41. exf5 Rxe1 42. Rxe1 Rxe1 43. Kxe1 Nxf5 44. Kf2 Ke7 45. Ne4 b5 46. cxb5 axb5 47. Ke2 c4 48. Kd2 b4 49. a3 bxa3 50. bxa3 Kd8 51. Kc3 Kc7 52. Kxc4 Kb6 53. Kb4 Ka6 54. a4 Kb6 55. a5+ Ka6 56. Ka4 Ne3 57. Nxd6 Nxd5 58. f5 Nf6 59. Kb4 Nd5+ 60. Kc5 Nf6 61. Kd4 Kxa5 62. Ke5 Nd7+ 63. Ke6 Nc5+ 64. Ke7 Nd7 65. Ne4 Ne5 66. Kf6 Nd7+ 67. Kg7 1-0

[Event "Kragero Resort ELO 2024"]
[Site "Kragero"]
[Date "2024.02.22"]
[Round "4.12"]
[White "Andersen, Lars Loberg"]
[Black "Johannessen, Martin T."]
[Result "0-1"]
[ECO "B20"]
[WhiteElo "1429"]
[BlackElo "1660"]
[Annotator "NA RC"]
[PlyCount "64"]
[EventDate "2024.02.21"]
[EventType "swiss"]
[EventCountry "NOR"]
[SourceTitle "playchess.com"]
[Source "ChessBase"]
[SourceQuality "1"]
[TimeControl "5400+30"]

1. e4 c5 2. b3 d6 3. Bb2 Nf6 4. Nc3 Nc6 5. Bb5 Bd7 6. Nge2 a6 7. Bxc6 Bxc6 8. d3 g6 9. Nd5 Bxd5 10. exd5 Bg7 11. O-O O-O 12. c4 e5 13. Rb1 Nh5 14. f4 Qe7 15. g4 Nxf4 16. Nxf4 exf4 17. Bxg7 Qe3+ 18. Kh1 Kxg7 19. Qf3 Qxf3+ 20. Rxf3 g5 21. b4 cxb4 22. Rxb4 b5 23. a4 bxc4 24. dxc4 Rfb8 25. Rfb3 Rxb4 26. Rxb4 a5 27. Rb5 Rc8 28. Rxa5 Rxc4 29. Ra6 Rd4 30. Rxd6 Rxa4 31. Rc6 f3 32. h3 Ra1+ 0-1

[Event "Kragero Resort ELO 2024"]
[Site "Kragero"]
[Date "2024.02.22"]
[Round "4.14"]
[White "Linkjendal, Sondre Olsen"]
[Black "Kristiansen, David"]
[Result "1/2-1/2"]
[ECO "B11"]
[WhiteElo "1373"]
[BlackElo "1407"]
[Annotator "NA RC"]
[PlyCount "133"]
[EventDate "2024.02.21"]
[EventType "swiss"]
[EventCountry "NOR"]
[SourceTitle "playchess.com"]
[Source "ChessBase"]
[SourceQuality "1"]
[TimeControl "5400+30"]

1. e4 c6 2. Nc3 d5 3. Nf3 Bg4 4. h3 Bxf3 5. Qxf3 e6 6. g3 Nf6 7. d3 c5 8. Bg2 d4 9. e5 Nc6 10. exf6 dxc3 11. bxc3 gxf6 12. O-O Bg7 13. Qg4 Rg8 14. Bxc6+ bxc6 15. Qe4 Qd5 16. Re1 f5 17. Qxd5 cxd5 18. Bd2 Kd7 19. Rab1 Rab8 20. c4 d4 21. Bf4 Rb6 22. Rb3 e5 23. Bd2 h5 24. Reb1 Kc6 25. c3 e4 26. dxe4 fxe4 27. cxd4 cxd4 28. Re1 f5 29. Ra3 a6 30. Rc1 Bf8 31. Ra5 Bc5 32. Bf4 d3 33. Kf1 Ra8 34. Be3 Bxe3 35. fxe3 Rf8 36. c5 Rb2 37. Rxa6+ Kb7 38. Rh6 Rc2 39. Rb1+ Kc7 40. Rh7+ Kc6 41. Rd1 Rh2 42. Rh6+ Kxc5 43. Kg1 Rxa2 44. Rh7 Rf6 45. Rxh5 Rc2 46. Rh8 Rd6 47. Kf1 Rc4 48. h4 Kb4 49. h5 Kc3 50. Ke1 Kc2 51. h6 Rcc6 52. h7 Rh6 53. Rd2+ Kc3 54. Rg2 Rh1+ 55. Kf2 d2 56. Rd8 Rxh7 57. Ke2 Rch6 58. Rc8+ Kb4 59. Kxd2 Rh2 60. Rxh2 Rxh2+ 61. Ke1 Rg2 62. Rg8 Kc4 63. Kf1 Rd2 64. Rf8 Rd5 65. Kg2 Kd3 66. Kf2 Kd2 67. Ra8 1/2-1/2

[Event "Kragero Resort ELO 2024"]
[Site "Kragero"]
[Date "2024.02.22"]
[Round "4.15"]
[White "Jahr, Even"]
[Black "Sorensen, Vidar Busch"]
[Result "1-0"]
[ECO "B07"]
[WhiteElo "1689"]
[BlackElo "1313"]
[Annotator "NA COMBH"]
[PlyCount "113"]
[EventDate "2024.02.21"]
[EventType "swiss"]
[EventCountry "NOR"]
[SourceTitle "playchess.com"]
[Source "ChessBase"]
[SourceQuality "1"]
[TimeControl "5400+30"]

1. e4 d6 2. Nf3 Bg4 3. Bc4 e6 4. h3 Bxf3 5. Qxf3 Nc6 6. Bb5 Qd7 7. d4 a6 8. Bxc6 Qxc6 9. c3 Nf6 10. Nd2 Be7 11. O-O b5 12. Re1 O-O 13. Nf1 Rae8 14. Ng3 h6 15. Qd3 Qc4 16. Qxc4 bxc4 17. b3 cxb3 18. axb3 Ra8 19. Be3 Rfb8 20. b4 Nd7 21. Ra2 Rb7 22. Rea1 Nb8 23. Nf1 Rb5 24. Ra5 Rxa5 25. Rxa5 Bd8 26. Ra2 Nd7 27. Nd2 d5 28. f3 Nb6 29. Kf2 c6 30. Ke2 Nc4 31. Nxc4 dxc4 32. Bf4 a5 33. Bd6 a4 34. Ke3 f6 35. d5 e5 36. dxc6 Bb6+ 37. Ke2 Rd8 38. Bc5 Bxc5 39. bxc5 Rc8 40. Rxa4 Rxc6 41. Rxc4 Kf7 42. Kd3 Ke6 43. g3 Kd7 44. f4 Kc7 45. Ra4 Kd8 46. Kc4 Rc7 47. Ra6 Ke7 48. fxe5 fxe5 49. Kd5 Rd7+ 50. Kxe5 Rd3 51. Ra7+ Kf8 52. Ke6 Kg8 53. c6 Rxc3 54. c7 Kh7 55. Kd7 Rd3+ 56. Kc8 Rd4 57. Kb8 1-0

[Event "Kragero Resort ELO 2024"]
[Site "Kragero"]
[Date "2024.02.22"]
[Round "4.17"]
[White "Matysiak, Tommy"]
[Black "Nordahl, Frederik"]
[Result "1/2-1/2"]
[ECO "D00"]
[WhiteElo "1312"]
[BlackElo "1396"]
[Annotator "NA"]
[PlyCount "82"]
[EventDate "2024.02.21"]
[EventType "swiss"]
[EventCountry "NOR"]
[SourceTitle "playchess.com"]
[Source "ChessBase"]
[SourceQuality "1"]
[TimeControl "5400+30"]

1. d4 Nf6 2. Nc3 d5 3. Nf3 c6 4. Bf4 Bf5 5. e3 e6 6. Bd3 Bxd3 7. cxd3 Bd6 8. Bxd6 Qxd6 9. Qb3 Qc7 10. O-O Nbd7 11. e4 dxe4 12. dxe4 Nb6 13. Rac1 O-O 14. a4 a5 15. e5 Nfd5 16. Nb5 Qd7 17. Nd6 Rab8 18. Nd2 Nc8 19. N2e4 Nxd6 20. Nxd6 Nf4 21. Qe3 Nd5 22. Qd2 f6 23. f4 Ra8 24. Rc5 Qc7 25. Rfc1 Qb6 26. Nc4 Qb3 27. Nxa5 Qxa4 28. Nxb7 fxe5 29. fxe5 Qa2 30. Rxc6 Rab8 31. Nd6 Rxb2 32. R6c2 Rxc2 33. Rxc2 Qa6 34. Rc1 Nf4 35. Re1 Nd3 36. Rd1 Nf2 37. Rc1 Nd3 38. Rd1 Nf4 39. Re1 Nd5 40. h3 Qa3 41. Kh2 h5 1/2-1/2

[Event "Kragero Resort ELO 2024"]
[Site "Kragero"]
[Date "2024.02.22"]
[Round "4.18"]
[White "Germiani, Yaro"]
[Black "Hoifodt, Jakob Salen"]
[Result "0-1"]
[ECO "B12"]
[WhiteElo "1287"]
[BlackElo "1373"]
[Annotator "NA RC"]
[PlyCount "106"]
[EventDate "2024.02.21"]
[EventType "swiss"]
[EventCountry "NOR"]
[SourceTitle "playchess.com"]
[Source "ChessBase"]
[SourceQuality "1"]
[TimeControl "5400+30"]

1. e4 c6 2. d4 d5 3. f3 dxe4 4. fxe4 Nf6 5. Nc3 Bg4 6. Nf3 e6 7. h3 Bxf3 8. gxf3 Bb4 9. Bg5 Be7 10. Qd2 Nbd7 11. O-O-O Nb6 12. h4 h6 13. Bf4 Qd7 14. d5 exd5 15. exd5 Nbxd5 16. Bh3 Qd8 17. Nxd5 Qxd5 18. Qxd5 Nxd5 19. Be5 f6 20. Bg3 Kf7 21. Rhe1 Rhe8 22. Be6+ Kf8 23. Bxd5 cxd5 24. Rxd5 Rad8 25. Red1 Rxd5 26. Rxd5 Rd8 27. Rxd8+ Bxd8 28. h5 Ke7 29. Kd2 Ke6 30. Ke3 Kf5 31. Bh4 Bb6+ 32. Ke2 g6 33. hxg6 Kxg6 34. c4 Bd4 35. b4 Kh5 36. Bg3 Kg5 37. a4 h5 38. Kf1 h4 39. Bh2 h3 40. Ke2 Be5 41. Bxe5 fxe5 42. Kf2 Kf4 43. c5 e4 44. fxe4 Kxe4 45. b5 Kd5 46. c6 bxc6 47. bxc6 Kxc6 48. Kg3 a5 49. Kxh3 Kc5 50. Kg3 Kb4 51. Kf3 Kxa4 52. Ke3 Kb3 53. Kd2 Kb2 0-1

[Event "Kragero Resort ELO 2024"]
[Site "Kragero"]
[Date "2024.02.22"]
[Round "4.19"]
[White "Hagen, Bjorn Stian"]
[Black "Nordahl, Christine"]
[Result "0-1"]
[ECO "A60"]
[WhiteElo "1278"]
[BlackElo "1333"]
[Annotator "NA RC"]
[PlyCount "54"]
[EventDate "2024.02.21"]
[EventType "swiss"]
[EventCountry "NOR"]
[SourceTitle "playchess.com"]
[Source "ChessBase"]
[SourceQuality "1"]
[TimeControl "5400+30"]

1. d4 Nf6 2. c4 c5 3. d5 e6 4. d6 Qb6 5. Nc3 Bxd6 6. Nb5 Be7 7. Bf4 Qa5+ 8. Bd2 Qb6 9. Bf4 Na6 10. Bd6 Ne4 11. Bxe7 Qa5+ 12. Nc3 Nxc3 13. Qd2 Kxe7 14. bxc3 Rd8 15. e4 Nb8 16. Rd1 Qc7 17. Qg5+ Kf8 18. e5 Nc6 19. Nf3 h6 20. Qh4 Qa5 21. Rd3 Qxa2 22. Rd1 Qc2 23. Bd3 Qxc3+ 24. Rd2 b6 25. Ng5 hxg5 26. Qh8+ Ke7 27. Qxg7 Qxe5+ 0-1

[Event "Kragero Resort ELO 2024"]
[Site "Kragero"]
[Date "2024.02.22"]
[Round "4.21"]
[White "Jullum, Hege Ibsen"]
[Black "Bollestad, Leiv Ove"]
[Result "0-1"]
[ECO "A41"]
[WhiteElo "1128"]
[BlackElo "1371"]
[Annotator "NA RC"]
[PlyCount "86"]
[EventDate "2024.02.21"]
[EventType "swiss"]
[EventCountry "NOR"]
[SourceTitle "playchess.com"]
[Source "ChessBase"]
[SourceQuality "1"]
[TimeControl "5400+30"]

1. Nf3 d6 2. d4 g6 3. b3 Bg7 4. Bb2 Nc6 5. g3 Bf5 6. Bg2 Nf6 7. d5 Nb4 8. Na3 Nbxd5 9. O-O O-O 10. Ng5 Be6 11. Nxe6 fxe6 12. c4 Nb6 13. Bxb7 Rb8 14. Bc6 d5 15. c5 Nbd7 16. Rc1 Bh6 17. e3 Ne4 18. Qd4 Nef6 19. f4 Bg7 20. Qa4 Rf7 21. Qxa7 Ng4 22. Bxg7 Kxg7 23. Bxd7 Qxd7 24. Qxb8 Nxe3 25. Rfe1 d4 26. Qb4 Qd5 27. Rxe3 dxe3 28. Qc3+ Kf8 29. Qxe3 Qa8 30. b4 Qa4 31. Qc3 Ke8 32. Rc2 Qa8 33. Qh8+ Rf8 34. Qc3 Qe4 35. Qc4 Qe3+ 36. Kg2 Qxa3 37. b5 Kf7 38. Kh3 Qf3 39. Rc3 Qh5+ 40. Kg2 Rd8 41. Rd3 Qe2+ 42. Kh3 Rxd3 43. Kh4 Qh5# 0-1

[Event "Kragero Resort ELO 2024"]
[Site "Kragero"]
[Date "2024.02.22"]
[Round "4.22"]
[White "Syreng, Gard Alexander Bye"]
[Black "Nguyen, Tyson Quang Hy"]
[Result "1-0"]
[ECO "D11"]
[WhiteElo "1244"]
[BlackElo "1267"]
[Annotator "NA RC"]
[PlyCount "109"]
[EventDate "2024.02.21"]
[EventType "swiss"]
[EventCountry "NOR"]
[SourceTitle "playchess.com"]
[Source "ChessBase"]
[SourceQuality "1"]
[TimeControl "5400+30"]

1. Nf3 d5 2. d4 Nf6 3. c4 c6 4. g3 Bf5 5. Bg2 e6 6. O-O Be7 7. Nc3 Nbd7 8. Nh4 Bg6 9. cxd5 Nxd5 10. Nf3 N7f6 11. Nxd5 cxd5 12. Ne5 O-O 13. Nxg6 fxg6 14. b3 Qa5 15. f3 Bb4 16. Bb2 Rac8 17. Bh3 Rfe8 18. a3 Bc3 19. Rc1 Rc6 20. b4 Qc7 21. Bxc3 Rxc3 22. Qd2 Rxc1 23. Rxc1 Qb6 24. Qe3 Kf7 25. Qe5 Re7 26. g4 h6 27. e4 g5 28. Rd1 Nd7 29. Qg3 dxe4 30. fxe4 e5 31. Qf2+ Nf6 32. Bf1 exd4 33. Bc4+ Ke8 34. Qf5 Nxe4 35. Qc8+ Qd8 36. Bb5+ Rd7 37. Bxd7+ Ke7 38. Qxd8+ Kxd8 39. Rxd4 Nf6 40. Bf5+ Kc7 41. h3 a6 42. a4 b5 43. axb5 axb5 44. Kg2 Kc6 45. Rd1 Kc7 46. Kf3 Kb6 47. Ke3 Kc6 48. Be6 Kc7 49. Kd4 Ne8 50. Kc5 Nf6 51. Kxb5 Ne4 52. Rd7+ Kb8 53. Kb6 Kc8 54. Rd4+ Kb8 55. Rd8# 1-0

[Event "Kragero Resort ELO 2024"]
[Site "Kragero"]
[Date "2024.02.22"]
[Round "4.23"]
[White "Halvorsen, Frode"]
[Black "Holten, Terje"]
[Result "1-0"]
[ECO "B22"]
[WhiteElo "1385"]
[BlackElo "1313"]
[Annotator "NA RC"]
[PlyCount "144"]
[EventDate "2024.02.21"]
[EventType "swiss"]
[EventCountry "NOR"]
[SourceTitle "playchess.com"]
[Source "ChessBase"]
[SourceQuality "1"]
[TimeControl "5400+30"]

1. e4 c5 2. Nf3 Nc6 3. c3 Nf6 4. d3 e5 5. Bg5 Be7 6. Be2 d6 7. h3 h6 8. Bh4 O-O 9. O-O Be6 10. Bg3 Re8 11. Qc2 Qb6 12. Nbd2 Nh5 13. Kh2 Nxg3 14. fxg3 Rad8 15. Nc4 Qc7 16. Ne3 d5 17. Nxd5 Bxd5 18. exd5 Rxd5 19. Nd2 Nd8 20. Qb3 Rd6 21. Ne4 Rb6 22. Qa4 Rf8 23. b3 f5 24. Qc4+ Kh8 25. Nd2 f4 26. gxf4 exf4 27. Rf3 Nf7 28. Qd5 Ng5 29. Re1 Nxf3+ 30. Bxf3 Bf6 31. Ne4 Qf7 32. Qxc5 Be7 33. Qc7 Bh4 34. Qxf7 Rxf7 35. Re2 Re7 36. d4 Rg6 37. d5 Bg3+ 38. Kg1 b6 39. c4 Rd7 40. Kf1 Bh4 41. d6 Rgxd6 42. Nxd6 Rxd6 43. Re8+ Kh7 44. Ke2 Kg6 45. Bd5 Bf6 46. Kf3 Kg5 47. Re4 Kg6 48. Rxf4 Be5 49. Rf7 Rf6+ 50. Rxf6+ Kxf6 51. Ke4 Bd6 52. Bg8 Ke7 53. Kd5 Kd7 54. Be6+ Kc7 55. Kd4 Bg3 56. b4 Bf2+ 57. Kd5 Be3 58. h4 Bf2 59. h5 Bg3 60. a4 Bd6 61. c5 bxc5 62. bxc5 Be7 63. c6 Bf6 64. Bd7 a5 65. g4 Be7 66. Ke6 Kd8 67. Kd5 Kc7 68. Kc4 Kd8 69. Kb5 Bb4 70. Kb6 Bd2 71. c7+ Kxd7 72. Kb7 Bf4 1-0

[Event "Kragero Resort ELO 2024"]
[Site "Kragero"]
[Date "2024.02.22"]
[Round "4.24"]
[White "Persson, Michael"]
[Black "Jorgensen, Catherine"]
[Result "0-1"]
[ECO "D94"]
[WhiteElo "1296"]
[BlackElo "1351"]
[Annotator "NA RC"]
[PlyCount "96"]
[EventDate "2024.02.21"]
[EventType "swiss"]
[EventCountry "NOR"]
[SourceTitle "playchess.com"]
[Source "ChessBase"]
[SourceQuality "1"]
[TimeControl "5400+30"]

1. d4 d5 2. c4 c6 3. Nc3 Nf6 4. e3 g6 5. Nf3 Bg7 6. cxd5 cxd5 7. Bb5+ Bd7 8. Bxd7+ Qxd7 9. Ne5 Qc8 10. Qa4+ Nc6 11. Nxc6 bxc6 12. Qb4 Rb8 13. Qc5 Qc7 14. O-O O-O 15. Re1 Rfe8 16. b3 e6 17. Bd2 Bf8 18. Nxd5 exd5 19. Qc2 Ng4 20. g3 Nf6 21. Rac1 Rbc8 22. b4 a6 23. Qd3 Ra8 24. Qc2 Rec8 25. Qa4 Qd7 26. Rc2 a5 27. Qb3 axb4 28. Bxb4 Rab8 29. a3 Rb6 30. Rec1 Qb7 31. Rb1 Rb8 32. Rcb2 Bxb4 33. axb4 Qd7 34. Qc2 h5 35. Kg2 h4 36. Qe2 hxg3 37. hxg3 Kg7 38. f3 Rh8 39. g4 Qd6 40. f4 Qe6 41. Kg3 Ne4+ 42. Kf3 Nc3 43. Qg2 Nxb1 44. Rxb1 Qe4+ 45. Kf2 Qxb1 46. f5 Rxb4 47. Qg3 Rb2+ 48. Kf3 Qe4# 0-1

[Event "Kragero Resort ELO 2024"]
[Site "Kragero"]
[Date "2024.02.23"]
[Round "5.7"]
[White "Eckholdt, Carl Marcus"]
[Black "Dale, Marius Hag"]
[Result "1-0"]
[ECO "A01"]
[WhiteElo "1575"]
[BlackElo "1415"]
[Annotator "NA RC"]
[PlyCount "85"]
[EventDate "2024.02.21"]
[EventType "swiss"]
[EventCountry "NOR"]
[SourceTitle "playchess.com"]
[Source "ChessBase"]
[SourceQuality "1"]
[TimeControl "5400+30"]

1. b3 e5 2. Bb2 Nc6 3. e3 d5 4. Bb5 Bd6 5. Nf3 f6 6. c4 dxc4 7. bxc4 Bd7 8. Nc3 Nh6 9. d4 exd4 10. Nxd4 Nxd4 11. Bxd7+ Qxd7 12. Qxd4 c5 13. Qd5 Rd8 14. Rd1 Qf7 15. Qxf7+ Nxf7 16. Ne4 O-O 17. Ke2 b6 18. Rd5 Be5 19. Bxe5 Nxe5 20. Rhd1 Rxd5 21. cxd5 Rd8 22. Nc3 a6 23. a4 Nc4 24. e4 Nd6 25. f4 Re8 26. Kd3 b5 27. Re1 b4 28. Nb1 Kf8 29. e5 Nf7 30. e6 Nd6 31. Nd2 Ke7 32. Nc4 Nxc4 33. Kxc4 Kd6 34. Re3 Rf8 35. e7 Re8 36. Re6+ Kd7 37. Rxa6 Rxe7 38. Ra7+ Ke8 39. Rxe7+ Kxe7 40. a5 Kd6 41. a6 Kc7 42. d6+ Kb8 43. d7 1-0

[Event "Kragero Resort ELO 2024"]
[Site "Kragero"]
[Date "2024.02.23"]
[Round "5.8"]
[White "Johannessen, Martin T."]
[Black "Wernberg, Nikolai Olsen"]
[Result "1/2-1/2"]
[ECO "D00"]
[WhiteElo "1660"]
[BlackElo "1850"]
[Annotator "NA RC"]
[PlyCount "39"]
[EventDate "2024.02.21"]
[EventType "swiss"]
[EventCountry "NOR"]
[SourceTitle "playchess.com"]
[Source "ChessBase"]
[SourceQuality "1"]
[TimeControl "5400+30"]

1. d4 d5 2. Bg5 Nf6 3. Bxf6 exf6 4. e3 Be6 5. g3 c6 6. Bg2 Qb6 7. Qc1 Bd6 8. Ne2 O-O 9. O-O Nd7 10. Nd2 Rac8 11. e4 Bg4 12. f3 Be6 13. c3 c5 14. Kh1 dxe4 15. Nxe4 Be7 16. Qd2 f5 17. d5 fxe4 18. dxe6 exf3 19. exf7+ Rxf7 20. Rxf3 1/2-1/2

[Event "Kragero Resort ELO 2024"]
[Site "Kragero"]
[Date "2024.02.23"]
[Round "5.10"]
[White "Jahr, Even"]
[Black "Kopperud, Vidar Aleksander"]
[Result "1/2-1/2"]
[ECO "E11"]
[WhiteElo "1689"]
[BlackElo "1642"]
[Annotator "NA RC"]
[PlyCount "70"]
[EventDate "2024.02.21"]
[EventType "swiss"]
[EventCountry "NOR"]
[SourceTitle "playchess.com"]
[Source "ChessBase"]
[SourceQuality "1"]
[TimeControl "5400+30"]

1. Nf3 Nf6 2. d4 e6 3. c4 Bb4+ 4. Bd2 Qe7 5. Qc2 Bxd2+ 6. Nbxd2 Nc6 7. a3 a5 8. g3 d6 9. Bg2 O-O 10. O-O a4 11. Rfe1 e5 12. d5 Nb8 13. e4 Nbd7 14. Nb1 Nc5 15. Nc3 Bg4 16. Rf1 Bxf3 17. Bxf3 Nb3 18. Rae1 Nd4 19. Qd1 Nd7 20. Bg2 Nc5 21. f4 Qd7 22. Qh5 Nd3 23. Bh3 Qe7 24. Rb1 Nb3 25. Qe2 Ndc5 26. Rbe1 f6 27. Nd1 Nd4 28. Qg2 Ra6 29. Ne3 g6 30. Ng4 Rb6 31. Ne3 Nd3 32. Rb1 Nc5 33. Rbe1 Nd3 34. Rb1 Nc5 35. Rbe1 Nd3 1/2-1/2

[Event "Kragero Resort ELO 2024"]
[Site "Kragero"]
[Date "2024.02.23"]
[Round "5.11"]
[White "Hoifodt, Jakob Salen"]
[Black "Smedsrud, Petter"]
[Result "1/2-1/2"]
[ECO "D02"]
[WhiteElo "1373"]
[BlackElo "1580"]
[Annotator "NA RC"]
[PlyCount "95"]
[EventDate "2024.02.21"]
[EventType "swiss"]
[EventCountry "NOR"]
[SourceTitle "playchess.com"]
[Source "ChessBase"]
[SourceQuality "1"]
[TimeControl "5400+30"]

1. d4 d5 2. Nf3 Nf6 3. g3 Bf5 4. c4 e6 5. Bg2 Bb4+ 6. Bd2 Bxd2+ 7. Nbxd2 c6 8. O-O Nbd7 9. h3 h6 10. Rc1 O-O 11. e3 Be4 12. Nxe4 Nxe4 13. Nd2 f5 14. cxd5 exd5 15. b4 a6 16. Nxe4 fxe4 17. Qb3 Kh8 18. a4 Nb6 19. Rfd1 Nc4 20. Bxe4 Qf6 21. Rc2 Nxe3 22. Qxe3 Rae8 23. Re2 Rxe4 24. Qd3 Rxe2 25. Qxe2 Qf3 26. Re1 Kg8 27. Qxf3 Rxf3 28. Re3 Rxe3 29. fxe3 Kf7 30. g4 b6 31. Kf2 Ke6 32. Kf3 g6 33. h4 a5 34. bxa5 bxa5 35. Kf4 Kf6 36. Kf3 Ke7 37. Kf4 Kf6 38. Kf3 g5 39. h5 Kf7 40. Ke2 Ke6 41. Kd2 Kd6 42. Kd3 c5 43. dxc5+ Kxc5 44. Kc3 Kc6 45. Kd3 Kc5 46. Kc3 Kc6 47. Kd3 Kc5 48. Kc3 1/2-1/2

[Event "Kragero Resort ELO 2024"]
[Site "Kragero"]
[Date "2024.02.23"]
[Round "5.12"]
[White "Linkjendal, Sondre Olsen"]
[Black "Kveim, Ingvar Torjesen"]
[Result "0-1"]
[ECO "C59"]
[WhiteElo "1373"]
[BlackElo "1542"]
[Annotator "NA RC"]
[PlyCount "54"]
[EventDate "2024.02.21"]
[EventType "swiss"]
[EventCountry "NOR"]
[SourceTitle "playchess.com"]
[Source "ChessBase"]
[SourceQuality "1"]
[TimeControl "5400+30"]

1. e4 e5 2. Nf3 Nc6 3. Bc4 Nf6 4. Ng5 d5 5. exd5 Na5 6. Bb5+ c6 7. dxc6 bxc6 8. Be2 Nd5 9. Nf3 Bd6 10. d3 O-O 11. c4 Nf4 12. Bxf4 exf4 13. Nbd2 f5 14. a3 c5 15. h4 Bb7 16. h5 h6 17. Qc2 Re8 18. Nh4 Qf6 19. Ndf3 Rab8 20. O-O Nb3 21. Rab1 Nd4 22. Nxd4 Qxh4 23. Nb5 Bxg2 24. Kxg2 f3+ 25. Kxf3 Qf4+ 26. Kg2 Qh2+ 27. Kf3 Qh3# 0-1

[Event "Kragero Resort ELO 2024"]
[Site "Kragero"]
[Date "2024.02.23"]
[Round "5.13"]
[White "Nordahl, Christine"]
[Black "Elseth, Florian"]
[Result "1-0"]
[ECO "E39"]
[WhiteElo "1333"]
[BlackElo "1513"]
[Annotator "NA RC"]
[PlyCount "127"]
[EventDate "2024.02.21"]
[EventType "swiss"]
[EventCountry "NOR"]
[SourceTitle "playchess.com"]
[Source "ChessBase"]
[SourceQuality "1"]
[TimeControl "5400+30"]

1. d4 Nf6 2. c4 e6 3. Nc3 Bb4 4. Qc2 c5 5. dxc5 Bxc5 6. Nf3 O-O 7. Bg5 Nc6 8. e3 b6 9. Be2 Bb7 10. O-O h6 11. Bh4 Be7 12. Rfd1 Rc8 13. Rd2 Nh5 14. Bxe7 Qxe7 15. Rad1 Nf6 16. Ne4 d5 17. Nxf6+ Qxf6 18. cxd5 Ne7 19. Qa4 Nxd5 20. e4 Bc6 21. Qa3 Nf4 22. Qxa7 Qg6 23. Nh4 Qxe4 24. Bf3 Nh3+ 25. gxh3 Qxh4 26. Bxc6 Rxc6 27. Qb7 Rfc8 28. Rd6 Rc1 29. Qxb6 Rxd1+ 30. Rxd1 Qxh3 31. Rd8+ Rxd8 32. Qxd8+ Kh7 33. Qd4 e5 34. Qxe5 Qg4+ 35. Kf1 Qd1+ 36. Qe1 Qd3+ 37. Kg2 Qd5+ 38. Kg1 Qxa2 39. b4 Qd5 40. Qb1+ Kg8 41. b5 Qf3 42. Qb4 Qd1+ 43. Kg2 Qd5+ 44. f3 Qg5+ 45. Kf2 Qf5 46. b6 Qc2+ 47. Kg3 Qg6+ 48. Kf2 Qc2+ 49. Ke3 Qc1+ 50. Kd4 Qf4+ 51. Kc5 Qf5+ 52. Kd6 Kf8 53. Kc7+ Kg8 54. b7 Qe5+ 55. Qd6 Qa5+ 56. Kc8 Qc3+ 57. Qc7 Qb3 58. b8=Q Qe6+ 59. Qd7 Qc4+ 60. Kd8 Qc5 61. Qe8+ Kh7 62. Qe4+ g6 63. Qc7 Qf8+ 64. Qe8 1-0